[Event "Early-Titled-Tuesday-Blitz-January-23-2024"]
[Site "Chess.com"]
[Date "2024.01.23"]
[Round "5"]
[White "secretsuperstar7"]
[Black "DarZay"]
[Result "1-0"]
[WhiteElo "2512"]
[BlackElo "2269"]
[TimeControl "180+1"]
[EndTime "8:56:02 PST"]
[Termination "secretsuperstar7 won on time"]

1. c4 e6 2. Nc3 d5 3. e3 Nf6 4. Nf3 c5 5. cxd5 exd5 6. d4 cxd4 7. exd4 Nc6 8. Bg5 Be7 9. Be2 Bf5 10. O-O Rb8 11.
Ne5 O-O 12. Bf3 Be4 13. Bxe4 Nxe4 14. Bxe7 Nxe7 15. Re1 f5 16. f3 Nf6 17. Qb3 Nc6 18. Rad1 Qd6 19. Nb5 Qd8 20. Rc1 a6 21. Nc3 Nxd4 22.
Qb4 Nc6 23. Qc5 Rc8 24. Nxc6 Rxc6 25. Qd4 Rc4 26. Qe3 Re8 27. Qf2 d4 28. Red1 Qb6 29.
Nd5 Rxc1 30. Nxf6+ Qxf6 31. Rxc1 Qe5 32. Rd1 Rd8 33. Rd3 Qc5 34. h3 Qc1+ 35. Kh2 Qf4+ 36. g3 Qe5 37. Qd2 b5 38. Kg2 Kf7 39. Kf2 Rd5 40. Qg5 Qf6 41. Qf4 Qe5 42. Qg5 Qe7 43.
Qf4 Qd6 44. Qg5 g6 45. Qh6 Kg8 46. Qg5 Qe6 47. h4 Re5 48. Qd2 Rd5 49. Qf4 1-0

[Event "Early-Titled-Tuesday-Blitz-January-23-2024"]
[Site "Chess.com"]
[Date "2024.01.23"]
[Round "5"]
[White "starworld123"]
[Black "Skatchkov_V"]
[Result "1-0"]
[WhiteElo "2848"]
[BlackElo "2624"]
[TimeControl "180+1"]
[EndTime "8:56:03 PST"]
[Termination "starworld123 won by resignation"]

1. e3 e5 2. d4 exd4 3. exd4 d5 4. Nc3 Nf6 5. Bf4 Bd6 6. Qd2 Qe7+ 7. Nge2 Nc6 8. O-O-O Bf5 9. Ng3 Be6 10. Nb5 Bxf4 11. Qxf4 O-O-O 12. Bd3 a6 13. Nc3 g6 14.
Rhe1 Rhe8 15. f3 h5 16. Kb1 Kb8 17. a3 h4 18. Qxh4 Rh8 19. Qf4 Nd7 20. Nxd5 Qh4 21.
Qxc7+ Ka7 22. Nc3 Nb6 23. Nge2 Qxh2 24. g3 g5 25. Be4 Rd7 26. Qxb6+ Kxb6 27. d5 f5 28. Bd3 Bxd5 29. Bxf5 Ba2+ 30. Kxa2 Rxd1 31. Rxd1 Re8 32. Be4 Ne5 33. Rd6+ Kc7 34. Rf6 Qh8 35. Nd4 Qxf6 36. Nd5+ Kd6 37. Nxf6 Rf8 38. Nf5+ Ke6 39. Nh5 g4 40. f4 Nf3 41. Ne3 Rh8 42. Bf5+ Kf7 43.
Bxg4 Nh2 44. Be2 Re8 45. Bc4+ Kg6 46. Nd5 Rc8 47. Ne7+ Kxh5 48. Nxc8 Kg4 49. Bd5 1-0

[Event "Early-Titled-Tuesday-Blitz-January-23-2024"]
[Site "Chess.com"]
[Date "2024.01.23"]
[Round "5"]
[White "SandwichOSaumon"]
[Black "Hamisandwich"]
[Result "0-1"]
[WhiteElo "2531"]
[BlackElo "2704"]
[TimeControl "180+1"]
[EndTime "8:56:04 PST"]
[Termination "Hamisandwich won by checkmate"]

1. d4 d6 2. e4 Nf6 3. Nc3 e5 4. Nf3 Nbd7 5. Bc4 Be7 6. g4 g6 7.
Rg1 O-O 8. Bh6 Nb6 9. Bxf8 Qxf8 10. dxe5 Nxc4 11. exf6 Bxf6 12. Qe2 Nxb2 13. e5 dxe5 14. Ne4 Bg7 15. Qb5 Qa3 16. Qb3 Nc4 17. g5 Qa5+ 18. c3 Be6 19. Qb4 Qxb4 20. cxb4 Bd5 21. Nfd2 Nxd2 22. Nxd2 c6 23. a4 a5 24. b5 cxb5 25.
axb5 a4 26. Ke2 e4 27. Ra3 Bb2 28. Re3 a3 29. Nxe4 Bxe4 30. Rxe4 a2 31. Re7 b6 32. Rb7 a1=Q 33. Rxa1 Bxa1 34. Rxb6 Bd4 35. Rd6 Ra2+ 36. Kd3 Bxf2 37. Kc4 Rb2 38. h3 Bh4 39. Rd8+ Kg7 40. Rd5 Rg2 41. b6 Rb2 42. Rb5 Rxb5 43. Kxb5 Bxg5 44.
Kc6 Bf4 45. Kd5 Kh6 46. Ke4 Bb8 47. b7 Kh5 48. Kd5 Kh4 49. Kc6 Kxh3 50. Kd7 f5 51. Ke7 f4 52. Kf6 f3 53. Kg5 f2 54. Kh6 f1=Q 55.
Kg7 Qf5 56. Kh6 Qb5 57. Kg7 Qxb7+ 58. Kh6 Qd5 59. Kg7 Qh5 60. Kf6 Be5+ 61. Kf7 Qf5+ 62. Kg8 Qd7 63. Kf8 Bf6 64. Kg8 Qg7# 0-1

[Event "Early-Titled-Tuesday-Blitz-January-23-2024"]
[Site "Chess.com"]
[Date "2024.01.23"]
[Round "5"]
[White "WhiteKnight2612"]
[Black "vladgoncharov"]
[Result "1-0"]
[WhiteElo "2868"]
[BlackElo "2637"]
[TimeControl "180+1"]
[EndTime "8:56:05 PST"]
[Termination "WhiteKnight2612 won on time"]

1. Nf3 Nf6 2. g3 c5 3. Bg2 Nc6 4. O-O g6 5. c4 d6 6. d4 cxd4 7. Nxd4 Bd7 8. Nc3 Bg7 9. Nc2 O-O 10. b3 Qa5 11. Bb2 Qh5 12. Ne3 Ng4 13. Nxg4 Bxg4 14.
Qd2 Bh3 15. Nd5 Bxg2 16. Kxg2 Rac8 17. h3 Bxb2 18. Qxb2 Rfe8 19. Rad1 Qe5 20. Qd2 e6 21. Ne3 Red8 22. Ng4 Qg7 23. h4 h5 24. Nh2 d5 25.
cxd5 Rxd5 26. Qe3 Rcd8 27. Rxd5 Rxd5 28. Nf3 Qb2 29. Rc1 Qxa2 30. Rc4 Qb2 31. Re4 Kg7 32.
Ng5 Nd8 33. Qxa7 Qc3 34. Re3 Qc6 35. Rf3 Rf5 36. Qd4+ f6 37. Qxd8 fxg5 38. Qe7+ Kg8 39. hxg5 b5 40. Qd8+ Kg7 41. Qd4+ Kg8 42. Qd3 Kg7 43.
e4 Rxf3 44. Qxf3 e5 45. Qe3 Qe6 46. Qa7+ Kg8 47. Qb8+ Kg7 48. Qxb5 Qg4 49. Qxe5+ Kg8 50. Qf4 Qe2 51. e5 Qd3 52. Qc4+ 1-0

[Event "Early-Titled-Tuesday-Blitz-January-23-2024"]
[Site "Chess.com"]
[Date "2024.01.23"]
[Round "5"]
[White "JiiHart"]
[Black "LaPiToB"]
[Result "1-0"]
[WhiteElo "2143"]
[BlackElo "2286"]
[TimeControl "180+1"]
[EndTime "8:56:06 PST"]
[Termination "JiiHart won by resignation"]

1. e4 c6 2. d4 d5 3. Nc3 dxe4 4. Nxe4 Nf6 5. Nxf6+ exf6 6. Bf4 Be7 7. c3 O-O 8. Bd3 Re8 9. Ne2 Nd7 10. Qc2 Nf8 11. h4 Bg4 12. h5 Bd6 13. Be3 b5 14. O-O-O a5 15. Rde1 a4 16. Ng3 a3 17. b3 Qc7 18.
Nf5 Bxf5 19. Bxf5 Bf4 20. Qd2 Bxe3 21. Rxe3 Rad8 22. Rhe1 Rxe3 23. Qxe3 Qd6 24. h6 g6 25. Bc2 b4 26. cxb4 Ne6 27. Rd1 Qxb4 28. d5 cxd5 29. Qf3 Qf4+ 30. Qxf4 Nxf4 31. b4 Kf8 32. Bb3 d4 33. g3 Ne2+ 34. Kd2 Nc3 35. Rc1 Nd5 36. Rc4 Nc3 37. Kd3 Ke7 38. Rxd4 Rxd4+ 39. Kxd4 Ne2+ 40. Kc5 Ng1 41. b5 Nh3 42. b6 Kd8 43. Kc6 Kc8 44. Bxf7 Kb8 45. Bg8 Nxf2 46. Bxh7 Ng4 47. Bxg6 Nxh6 48.
Be4 f5 49. Bf3 Nf7 50. b7 Ne5+ 51. Kd5 Nxf3 52. Ke6 Ne1 53. Kxf5 Nd3 54. g4 Nc1 55. g5 Nxa2 56. g6 Nc3 57. g7 Nd5 58. g8=Q+ Kxb7 59. Qxd5+ Kb6 60. Qa2 1-0

[Event "Early-Titled-Tuesday-Blitz-January-23-2024"]
[Site "Chess.com"]
[Date "2024.01.23"]
[Round "5"]
[White "K_A_S_T_O_R"]
[Black "sergoy"]
[Result "0-1"]
[WhiteElo "2884"]
[BlackElo "3023"]
[TimeControl "180+1"]
[EndTime "8:56:08 PST"]
[Termination "sergoy won by resignation"]

1. e4 c5 2. Nf3 d6 3. d4 cxd4 4. Nxd4 Nf6 5. Nc3 a6 6. Bg5 Nbd7 7. Bc4 Qb6 8. Bb3 e6 9. Bxf6 Nxf6 10. Qd2 Be7 11.
O-O-O O-O 12. f4 Qc7 13. g4 b5 14. a3 Bb7 15. Rhe1 Nd7 16. f5 e5 17. Nf3 b4 18. axb4 a5 19. b5 Nc5 20. Bd5 a4 21. Bxb7 Qxb7 22. Qd5 Qa7 23. Kd2 Rfc8 24. Ke2 Nd7 25. g5 a3 26. Ra1 Qb8 27. Reb1 Nb6 28. Qd3 Qc7 29. Kd1 Qc5 30. Ke2 d5 31. exd5 Rd8 32. Ne4 Qc7 33. c4 Nxc4 34. bxa3 Nxa3 35. Rd1 Bb4 36. g6 hxg6 37. fxg6 Rf8 38. d6 Qd7 39.
Nxe5 Qe6 40. gxf7+ Kh8 41. Qg3 Rxf7 42. Nxf7+ Qxf7 43. Qh3+ Kg8 44. Rf1 Qc4+ 45. Qd3 Qe6 46. d7 Rd8 47. Rad1 Nxb5 48. Qd5 Nc3+ 49. Kf3 Nxd5 50. Rd4 Rxd7 51. Rfd1 Rf7+ 52. Kg3 Bd6+ 53. Kg2 Ne3+ 54.
Kh1 Nxd1 0-1

[Event "Early-Titled-Tuesday-Blitz-January-23-2024"]
[Site "Chess.com"]
[Date "2024.01.23"]
[Round "5"]
[White "Chernobay_Artem"]
[Black "Hovik_Hayrapetyan"]
[Result "1-0"]
[WhiteElo "2626"]
[BlackElo "2826"]
[TimeControl "180+1"]
[EndTime "8:56:08 PST"]
[Termination "Chernobay_Artem won on time"]

1. d4 Nf6 2. c4 e6 3. Nf3 d5 4.
g3 Be7 5. Bg2 O-O 6. O-O dxc4 7.
Qc2 a6 8. a4 Bd7 9. Qxc4 Bc6 10. Bf4 Bd6 11. Qc1 a5 12. Nc3 Na6 13. Bg5 Nb4 14.
e4 Be7 15. e5 Nfd5 16. Ne4 h6 17. Bxe7 Nxe7 18. Nc5 b6 19. Nb3 Bd5 20. Qc3 Rc8 21.
Rfc1 Nf5 22. Ne1 Bxb3 23. Qxb3 Nxd4 24. Qd1 c5 25. Ra3 Qg5 26. f4 Qg6 27. Re3 Rfd8 28.
Be4 Nf5 29. Qf3 h5 30. Ng2 Qg4 31. Qf2 Rd1+ 32. Re1 Rxc1 33. Rxc1 Rd8 34. Bf3 Qg6 35. Be4 Qh6 36. Rf1 Rd4 37. Qf3 g6 38. Kh1 Qf8 39. Bxf5 exf5 40. e6 fxe6 41. Nh4 Qf7 42. Re1 Nd3 43. Re3 c4 44. Qa8+ Kg7 45. Qc6 Nc5 46. Qxb6 Rd1+ 47. Kg2 Ne4 48. Nf3 Rd6 49. Qxa5 Qb7 50.
Qe5+ 1-0

[Event "Early-Titled-Tuesday-Blitz-January-23-2024"]
[Site "Chess.com"]
[Date "2024.01.23"]
[Round "5"]
[White "Sina_Movahed"]
[Black "gau_npukyputb"]
[Result "1-0"]
[WhiteElo "2970"]
[BlackElo "2705"]
[TimeControl "180+1"]
[EndTime "8:56:10 PST"]
[Termination "Sina_Movahed won on time"]

1. e4 a6 2. d4 b5 3. a4 Bb7 4. Bd3 Nf6 5. Nd2 e6 6. Ngf3 b4 7. O-O c5 8. c3 cxd4 9. cxd4 Be7 10. Re1 O-O 11. e5 Nd5 12. Ne4 Nc6 13. Bg5 f6 14. exf6 gxf6 15. Bh6 Rf7 16. Nc5 Bxc5 17. dxc5 Kh8 18.
Be4 Nce7 19. Qd4 Nc6 20. Qd2 Nce7 21. Rac1 Qg8 22. Rc4 a5 23. b3 Bc6 24. Qd4 e5 25. Qd3 Nc3 26. Bxc6 dxc6 27. h3 e4 28.
Rcxe4 Nxe4 29. Rxe4 Qg6 30. Qc4 Nd5 31. Bd2 Rg8 32. g4 Qg7 33. Nh4 Re7 34. Nf5 Rxe4 35. Qxe4 Qd7 36. Bh6 Re8 37. Qf3 Qe6 38. g5 fxg5 39. Nd6 Qxh6 40. Nf7+ Kg7 41. Nxh6 Kxh6 42.
Qf7 Re7 43. Qf8+ Kg6 44. Qc8 Rc7 45. Qa8 Kf5 46. Qxa5 Ke5 47. Qa8 Kd4 48. a5 Kxc5 49.
Qb8 Re7 50. a6 Re1+ 51. Kh2 Re2 52. a7 Nf4 53. a8=Q Rxf2+ 54. Kg3 1-0

[Event "Early-Titled-Tuesday-Blitz-January-23-2024"]
[Site "Chess.com"]
[Date "2024.01.23"]
[Round "5"]
[White "tolimachess"]
[Black "DrCeltic"]
[Result "0-1"]
[WhiteElo "2479"]
[BlackElo "2622"]
[TimeControl "180+1"]
[EndTime "8:56:11 PST"]
[Termination "DrCeltic won by checkmate"]

1. e4 c5 2. Nf3 e6 3. d4 cxd4 4. Nxd4 Nf6 5. Bd3 Nc6 6. Be3 d5 7. exd5 Nxd5 8. Nxc6 bxc6 9. Bd4 Ba6 10. O-O Bxd3 11.
Qxd3 Qg5 12. c4 Nf4 13. Qf3 Rc8 14. Nc3 Be7 15. Ne4 Qf5 16. Rfe1 O-O 17. Kh1 Bb4 18. Ng3 Qg5 19. Re5 f5 20. Be3 Qf6 21. Bxf4 g5 22.
Nh5 Qg6 23. Qg3 gxf4 24. Qxg6+ hxg6 25. Nxf4 Kf7 26. Nxe6 Kf6 27. Rae1 Bxe1 28. Nxf8 Kxe5 29. Nxg6+ Kf6 30. Nf4 Bxf2 31. Nd3 Bd4 32. g3 Re8 33. Kg2 Re2+ 34. Kh3 Rd2 35. Nf4 Bg1 36. Ng2 Rxb2 37. a4 Ra2 38. a5 Rxa5 39. g4 fxg4+ 40. Kxg4 Ra4 41. Kf3 Rxc4 42. Ne1 Rc1 43. Nd3 Ra1 44. Ke4 Ra4+ 45. Kf3 Ra3 46. Ke4 Rxd3 47. Kxd3 Bxh2 48.
Kc4 Bg1 49. Kb4 Ke6 50. Kc4 Kd6 51. Kb4 c5+ 52. Kc4 Kc6 53. Kc3 Kb5 54. Kb3 c4+ 55. Kc3 Kc5 56. Kc2 Kd4 57. Kb2 c3+ 58. Kc2 Kc4 59.
Kc1 Kd3 60. Kd1 c2+ 61. Kc1 Be3+ 62. Kb2 c1=Q+ 63. Kb3 Qb1+ 64. Ka4 Qb6 65. Ka3 Qb5 66. Ka2 Kc2 67. Ka3 Qb3# 0-1

[Event "Early-Titled-Tuesday-Blitz-January-23-2024"]
[Site "Chess.com"]
[Date "2024.01.23"]
[Round "5"]
[White "Doomfist26"]
[Black "crazy_m_attack"]
[Result "1-0"]
[WhiteElo "2609"]
[BlackElo "2465"]
[TimeControl "180+1"]
[EndTime "8:56:11 PST"]
[Termination "Doomfist26 won by resignation"]

1. d4 d5 2. c4 e6 3. Nf3 Nf6 4. g3 Be7 5. Bg2 O-O 6. O-O dxc4 7. Qc2 a6 8. a4 Bd7 9. Rd1 Bc6 10. Nc3 Bxf3 11. Bxf3 Nc6 12. Bxc6 bxc6 13. a5 Rb8 14. Ra4 Rb4 15. Na2 Rxa4 16. Qxa4 Qd5 17. Nc3 Qh5 18. Qxc6 Ng4 19. h4 Qxa5 20. Qxc4 Nf6 21. Bg5 Rd8 22.
Bxf6 Bxf6 23. e3 Qb6 24. Rd2 h5 25. Ne4 Be7 26. Rc2 Rd7 27. Qc6 Qxc6 28. Rxc6 a5 29.
Kf1 Bb4 30. Ke2 Kf8 31. Ng5 Ke7 32. Nf3 f6 33. Kd3 e5 34. Ke4 exd4 35. Nxd4 Kd8 36. Ra6 Kc8 37. Ra8+ Kb7 38. Rg8 c5 39. Ne6 Rd2 40. Rxg7+ Kb6 41. g4 hxg4 42. b3 c4 43.
bxc4 a4 44. Rg8 Ka7 45. Nd4 Bc5 46. Nb5+ Kb6 47. Rb8+ Ka5 48. Nc3 Bb6 49. Ra8+ Kb4 50. Nd5+ Kb3 51. Nxb6 a3 52. h5 Rxf2 53. h6 g3 54. h7 g2 55. Rg8 g1=Q 56. Rxg1 Rh2 57. c5 Rxh7 58. c6 a2 59. Kd5 Kb2 60. Nc4+ Kb3 61.
Nd6 Re7 62. e4 Re5+ 63. Kd4 Re7 64. Kc5 Kb2 65. Kb6 a1=Q 66. Rxa1 Kxa1 67. c7 Rxc7 68.
Kxc7 Kb2 69. Kd7 Kc3 70. Ke6 Kd4 71. Kxf6 1-0

[Event "Early-Titled-Tuesday-Blitz-January-23-2024"]
[Site "Chess.com"]
[Date "2024.01.23"]
[Round "5"]
[White "LiadCuba"]
[Black "koncheto"]
[Result "0-1"]
[WhiteElo "2447"]
[BlackElo "2574"]
[TimeControl "180+1"]
[EndTime "8:56:11 PST"]
[Termination "koncheto won by checkmate"]

1. d4 Nf6 2. c4 e6 3. Nc3 c5 4. d5 exd5 5. cxd5 d6 6. e4 g6 7.
f4 Bg7 8. e5 dxe5 9. fxe5 Nfd7 10. e6 fxe6 11. dxe6 Qe7 12. Nf3 Qxe6+ 13. Be2 O-O 14. O-O Nc6 15. Ng5 Bd4+ 16. Kh1 Rxf1+ 17. Qxf1 Qf6 18. Bc4+ Kg7 19. Qe2 Nde5 20. Nce4 Bg4 21.
Nxf6 Bxe2 22. Bxe2 Kxf6 23. Ne4+ Kg7 24. Bg5 Rf8 25. Rd1 b6 26. Bb5 h6 27. Bc1 Ne7 28. h3 Nd5 29. a3 a5 30. Kh2 Nf4 31. b4 axb4 32. axb4 Nd5 33. bxc5 bxc5 34. Nxc5 Bxc5 35. Rxd5 Ba7 36. Rxe5 Bb8 37. Bb2 Kf6 38. g3 Bxe5 39.
Ba3 Rb8 40. Bc4 Rc8 41. Bd5 Rc2+ 42. Kg1 Bxg3 43. Be4 Ra2 44. Bc5 Be5 45. h4 Ra4 46. Bf3 Rxh4 47. Kg2 Ra4 48. Bb6 g5 49. Bd8+ Kg6 50.
Bd1 Ra2+ 51. Kf3 Rd2 52. Bb3 Rxd8 53. Ke4 Bg7 54. Bc2 Kf6 55. Ba4 Rb8 56. Bc6 Rb4+ 57. Kd3 Ke5 58. Kc3 Rd4 59. Bg2 Kf4 60. Kc2 g4 61.
Kc3 h5 62. Kc2 h4 63. Bc6 Rc4+ 64. Kd3 Rxc6 65. Ke2 Kg3 66. Kf1 Re6 67. Kg1 Re1# 0-1

[Event "Early-Titled-Tuesday-Blitz-January-23-2024"]
[Site "Chess.com"]
[Date "2024.01.23"]
[Round "5"]
[White "anasta10"]
[Black "ChessboArt"]
[Result "1/2-1/2"]
[WhiteElo "2521"]
[BlackElo "2205"]
[TimeControl "180+1"]
[EndTime "8:56:11 PST"]
[Termination "Game drawn - insufficient material"]

1. Nf3 g6 2. d4 Bg7 3. h4 Nf6 4. c4 d5 5. Nc3 c6 6. Bf4 dxc4 7. a4 Nd5 8. Bg5 Nxc3 9. bxc3 Qa5 10.
Qc1 Bf5 11. Nd2 Be6 12. e3 h6 13. Bf4 g5 14. Bg3 Nd7 15. Nxc4 Qd8 16. Nd2 Nf6 17. a5 Bf5 18. Qb2 Qd7 19. Be5 O-O 20. hxg5 hxg5 21. Be2 Ne4 22. Bxg7 Kxg7 23. c4 Rh8 24. Rg1 Nxd2 25.
Kxd2 e5 26. Rad1 exd4 27. exd4 Rae8 28. Kc1 Qd6 29. g3 Re7 30. Bd3 Bxd3 31. Rxd3 Rhe8 32. Rgd1 Re2 33. R3d2 Rxd2 34. Rxd2 Re1+ 35. Rd1 Qe7 36.
d5+ f6 37. dxc6 Rxd1+ 38. Kxd1 Qd6+ 39. Ke2 bxc6 40. Qb7+ Kg6 41. a6 Qe5+ 42. Kf1 Qa1+ 43. Kg2 Qd4 44. Qxc6 g4 45. Qd5 Qa1 46. Qe4+ f5 47.
Qe6+ Kg5 48. c5 Qd4 49. Qe3+ Qxe3 50. fxe3 Kf6 51. e4 fxe4 52. Kf2 Ke5 53. Ke3 Kd5 54. c6 Kxc6 55. Kxe4 Kb5 56. Kf5 Kxa6 57. Kxg4 Kb5 58. Kf5 a5 59. g4 a4 60. g5 a3 61. g6 a2 62. g7 a1=Q 63. g8=Q Qf1+ 64. Kg6 Qg2+ 65. Kf7 Qxg8+ 66. Kxg8 1/2-1/2

[Event "Early-Titled-Tuesday-Blitz-January-23-2024"]
[Site "Chess.com"]
[Date "2024.01.23"]
[Round "5"]
[White "Sargsyan_Shant"]
[Black "CaspiIsrael"]
[Result "0-1"]
[WhiteElo "2903"]
[BlackElo "2699"]
[TimeControl "180+1"]
[EndTime "8:56:12 PST"]
[Termination "CaspiIsrael won on time"]

1. c4 e6 2. g3 d5 3. Bg2 dxc4 4. Qa4+ c6 5. Qxc4 Nf6 6. Qc2 Be7 7. Nf3 b5 8. O-O Bb7 9. d4 O-O 10. Rd1 Nbd7 11.
Nc3 Rc8 12. e4 c5 13. d5 exd5 14.
e5 Ne8 15. Nxd5 Bxd5 16. Rxd5 Nc7 17. Rd1 Ne6 18. h4 h6 19. Bh3 Qc7 20. Bxh6 Nxe5 21. Nxe5 Qxe5 22. Be3 Bf6 23. Rab1 a6 24. Rd7 c4 25.
Ra7 Ra8 26. Rxa8 Rxa8 27. b3 c3 28. b4 Nd4 29. Bxd4 Qxd4 30. a3 Rd8 31. Bf5 Qd2 32. Qe4 Qa2 33. Re1 g6 34. Bg4 c2 35. Rc1 Rd2 36.
h5 Qb2 37. Qe1 Qd4 38. hxg6 fxg6 39. Bf3 Kg7 40. Kg2 Bg5 41. Kh3 Rxf2 42. Bg4 Bxc1 43. Qxc1 Rd2 44. Qe1 Qd6 45. Qa1+ Qf6 46. Qe1 Rf2 47.
Qe3 Rf1 48. Qa7+ Kh6 49. Qb8 c1=Q 50. Qh8+ Qxh8 51. Bf3 Qe5 52. Kg4 Rg1 53. Kh3 Qcg5 0-1

[Event "Early-Titled-Tuesday-Blitz-January-23-2024"]
[Site "Chess.com"]
[Date "2024.01.23"]
[Round "5"]
[White "publicaccountcze"]
[Black "dmosesov"]
[Result "1/2-1/2"]
[WhiteElo "2322"]
[BlackElo "2610"]
[TimeControl "180+1"]
[EndTime "8:56:12 PST"]
[Termination "Game drawn - insufficient material"]

1. e4 Nf6 2. e5 Nd5 3. c4 Nb6 4. d4 d6 5. f4 dxe5 6. fxe5 Nc6 7. Be3 Bf5 8. Nc3 e6 9. Nf3 Be7 10. Be2 O-O 11. O-O f6 12. Qd2 fxe5 13.
dxe5 Qxd2 14. Bxd2 Nd7 15. Bf4 Bg4 16. Bg3 Bxf3 17. Bxf3 Ncxe5 18. Bxb7 Rab8 19. Rxf8+ Bxf8 20. Ba6 Rxb2 21. Re1 Bc5+ 22. Kh1 Nd3 23. Re2 Nb6 24. Rxb2 Nxb2 25. Bxc7 N2xc4 26. Nb5 Nd5 27. Bg3 Nb4 28. Bc8 Kf7 29. a3 Nd3 30. a4 e5 31. Bb7 Kf6 32. Nc7 Bf2 33. Ba6 Bxg3 34. Bxc4 Nf2+ 35.
Kg1 Bh4 36. g3 Bxg3 37. hxg3 Ne4 38. Bd3 Nc5 39. a5 Nxd3 40. Nb5 e4 41. Nxa7 Nb4 42.
Nb5 Ke5 43. Kf2 g5 44. Nc7 h5 45. a6 Nc6 46. Nb5 h4 47. gxh4 gxh4 48. a7 Nxa7 49. Nxa7 h3 50. Nc6+ Kf4 51. Nd4 e3+ 52. Kg1 Ke4 53.
Ne2 Kd3 54. Nf4+ Ke4 55. Ne2 Kf3 56. Nd4+ Kg3 57. Kh1 Kf2 58. Kh2 e2 59. Nxe2 Kxe2 60. Kxh3 1/2-1/2

[Event "Early-Titled-Tuesday-Blitz-January-23-2024"]
[Site "Chess.com"]
[Date "2024.01.23"]
[Round "5"]
[White "OparinGrigoriy"]
[Black "Flawless_Fighter"]
[Result "1-0"]
[WhiteElo "3026"]
[BlackElo "2719"]
[TimeControl "180+1"]
[EndTime "8:56:13 PST"]
[Termination "OparinGrigoriy won by checkmate"]

1. Nf3 d5 2. e3 Nf6 3. c4 e6 4. b3 c5 5. cxd5 exd5 6. Bb2 Nc6 7. Bb5 Bd6 8. O-O O-O 9. Nc3 Bd7 10. Ne2 a6 11.
Bxc6 bxc6 12. Ng3 Qe7 13. Rc1 a5 14. d4 cxd4 15. Nxd4 Bxg3 16. hxg3 c5 17. Ne2 Bb5 18. Re1 a4 19. Nf4 axb3 20. axb3 Rfd8 21. Bxf6 Qxf6 22. Rxc5 Bc6 23. b4 Rab8 24. Qa1 d4 25. exd4 Rxb4 26. Nh5 Qh6 27. Nxg7 Qxg7 28. Rxc6 Rbxd4 29. Rc7 h6 30. Qc1 Rd2 31. Rc8 Rxc8 32. Qxc8+ Kh7 33. Re4 Qa1+ 34. Kh2 Rd5 35. Qc2 Kg7 36. Rg4+ Rg5 37. Rh4 Qf6 38. f4 Rd5 39. Rg4+ Kf8 40. Qc8+ Rd8 41. Qc5+ Qd6 42. Qf5 Ke7 43. Rg7 Qe6 44. Qh5 Rd6 45. Rh7 Qf6 46. Qc5 Kd7 47. Qa7+ Ke6 48. Qe3+ Kd7 49. Qa7+ Ke6 50. Qa8 Qg6 51. Qe8+ Kf5 52. Qe5+ Kg4 53. Rg7 h5 54. Rxg6+ Rxg6 55. Qe4 h4 56. f5+ Kh5 57. fxg6 hxg3+ 58. Kxg3 f5 59. Qe6 f4+ 60. Kf3 Kg5 61. g7 Kh4 62. Qg4# 1-0

[Event "Early-Titled-Tuesday-Blitz-January-23-2024"]
[Site "Chess.com"]
[Date "2024.01.23"]
[Round "5"]
[White "PepeCuenca"]
[Black "santosalberto1987"]
[Result "1-0"]
[WhiteElo "2718"]
[BlackElo "2536"]
[TimeControl "180+1"]
[EndTime "8:56:13 PST"]
[Termination "PepeCuenca won on time"]

1. d4 d5 2. Bf4 Nf6 3. e3 c5 4. dxc5 Nc6 5. Bb5 Ne4 6. b4 g6 7.
Be5 f6 8. Bb2 e5 9. Ne2 Bg7 10.
h4 f5 11. f3 Nf6 12. Bxe5 O-O 13. Bxc6 bxc6 14. Bd4 Ba6 15. Nbc3 Re8 16. Qd2 Bc4 17. Nf4 a5 18. bxa5 Qxa5 19. h5 Kf7 20. hxg6+ hxg6 21. Nd3 Bxd3 22. cxd3 Rh8 23. Rxh8 Rxh8 24. Kf2 Qc7 25.
Ne2 Qh2 26. Rb1 Qh4+ 27. Kf1 Qh1+ 28. Ng1 Kg8 29. Rb8+ Kh7 30. Rxh8+ Kxh8 31. Bxf6 Bxf6 32. d4 Qh2 33. a4 Qc7 34. Qb4 Qa7 35. a5 Qa6+ 36. Ne2 Qd3 37. Qb8+ Kh7 38. Qc7+ Kh6 39. Qxc6 Bh4 40. g3 Bxg3 41. Qxd5 Qd1+ 42. Kg2 Qxe2+ 43. Kxg3 g5 44. Qe6+ Kh5 45. Qe8+ Kh6 46. Qh8+ Kg6 47. Qh2 Qxe3 48. Qf2 Qf4+ 49. Kg2 g4 50. fxg4 Qe4+ 51. Qf3 Qc2+ 52. Kg3 fxg4 53. Qxg4+ Kh7 54. Qh4+ Kg7 55.
Qg4+ Kh7 56. Qf4 Qd1 57. Qh4+ Kg6 58. Qg4+ 1-0

[Event "Early-Titled-Tuesday-Blitz-January-23-2024"]
[Site "Chess.com"]
[Date "2024.01.23"]
[Round "5"]
[White "platy3"]
[Black "rasmussvane"]
[Result "0-1"]
[WhiteElo "2863"]
[BlackElo "3000"]
[TimeControl "180+1"]
[EndTime "8:56:15 PST"]
[Termination "rasmussvane won by resignation"]

1. e4 e5 2. Nf3 Nc6 3. Bc4 Bc5 4. d3 Nf6 5. a4 d6 6. O-O h6 7. Be3 Bb6 8. Nc3 O-O 9. h3 Re8 10. Nd5 Nxd5 11. exd5 Ne7 12. Qd2 c6 13. dxc6 bxc6 14.
a5 Bc7 15. Bb3 Nf5 16. Rfe1 Qf6 17. Qc3 Bd7 18. d4 e4 19. Nd2 Qg6 20. Bf4 Nh4 21.
Qg3 Qxg3 22. Bxg3 Nf5 23. Rxe4 Nxg3 24. fxg3 d5 25. Rxe8+ Rxe8 26. Kf2 g5 27. c3 Kg7 28. Bc2 f5 29. b4 f4 30. gxf4 Bxf4 31. Nf1 h5 32.
Re1 Rxe1 33. Kxe1 Kf6 34. Ba4 Ke7 35. Ke2 Kd6 36. Nd2 g4 37. hxg4 Bxg4+ 38. Ke1 Bg3+ 39. Kf1 Bf4 40. Nb3 h4 41. Kf2 Kc7 42. b5 cxb5 43. Bxb5 Kd6 44. Be2 Bf5 45. Bd1 Be4 46.
Bf3 Bc2 47. Nc5 Bd2 48. c4 dxc4 49. Ne4+ Bxe4 50. Bxe4 Bxa5 51. Ke3 Bb6 52. Bc2 a5 53.
Bd1 Ba7 54. Bc2 Bb6 55. Bd1 Kc6 56. Ba4+ Kd5 57. Bd1 Bxd4+ 58. Kd2 Kc5 59. Kc2 Kb4 60. Bf3 a4 61. Bd5 a3 62. Kb1 Kb3 0-1

[Event "Early-Titled-Tuesday-Blitz-January-23-2024"]
[Site "Chess.com"]
[Date "2024.01.23"]
[Round "5"]
[White "dosto07"]
[Black "ChessQueen"]
[Result "0-1"]
[WhiteElo "2546"]
[BlackElo "2735"]
[TimeControl "180+1"]
[EndTime "8:56:17 PST"]
[Termination "ChessQueen won on time"]

1. e4 c6 2. d4 d5 3. Nc3 dxe4 4. Nxe4 Nf6 5. Nxf6+ exf6 6. c3 Bd6 7. Bd3 Na6 8. Ne2 Nc7 9. O-O h5 10. Bf4 h4 11. h3 Be6 12. Re1 O-O 13. Qd2 Re8 14.
Bxd6 Qxd6 15. Nf4 Bd7 16. Bc4 b5 17. Bb3 a5 18. a4 b4 19. c4 c5 20. d5 Re5 21.
Nd3 Rg5 22. Qf4 Qxf4 23. Nxf4 Ne8 24. Re7 Bf5 25. Rae1 Kf8 26. Rb7 Nd6 27. Rc7 Rc8 28. Ree7 Be4 29. Rxc8+ Kxe7 30. Rc7+ Kd8 31. Rxc5 Re5 32.
Rxa5 g5 33. Ra8+ Kc7 34. Nh5 Bd3 35. Nxf6 Re1+ 36. Kh2 Bxc4 37. Bxc4 Nxc4 38. Ra7+ Kb6 39. Rxf7 Nxb2 40. d6 Nxa4 41. d7 Rd1 42. Rf8 Kc7 43. Rc8+ Kb7 44. d8=Q Rxd8 45. Rxd8 b3 46. Rd2 b2 47.
Rd1 Kc6 48. Ne4 Kb5 49. Nxg5 Kc4 50. Nf3 Kb3 51. Nxh4 Kc2 52. Re1 Nc3 53. Rf1 Nd1 54. Nf3 b1=Q 55. Nd4+ Kd3 56. Nf3 Ke2 57. Kg1 Qc2 58.
Re1+ Kd3 59. Rf1 Qa4 60. Ne1+ Kd2 61. Nf3+ Kd3 62. Ne1+ Ke4 63. Nf3 Kf4 64. Re1 Nc3 65. Kh2 Qa7 66. Rf1 Ne4 67. Kg1 Qb6 0-1

[Event "Early-Titled-Tuesday-Blitz-January-23-2024"]
[Site "Chess.com"]
[Date "2024.01.23"]
[Round "5"]
[White "VinzentSpitzl"]
[Black "hawes33"]
[Result "1/2-1/2"]
[WhiteElo "2527"]
[BlackElo "2309"]
[TimeControl "180+1"]
[EndTime "8:56:18 PST"]
[Termination "Game drawn - insufficient material"]

1. e4 c5 2. Nf3 d6 3. d4 cxd4 4. Nxd4 Nf6 5. Nc3 a6 6. Bg5 e6 7. Qe2 Be7 8. f4 b5 9. O-O-O h6 10. Bh4 Bb7 11. a3 Qc7 12. g4 g5 13. fxg5 Nfd7 14. Nf3 hxg5 15. Bg3 Ne5 16. Nxe5 dxe5 17. Bg2 Nd7 18. Rhf1 Nb6 19. Qf2 Rf8 20. Bxe5 Qxe5 21. Qxb6 Rb8 22. Qf2 Qxh2 23. Ne2 Qe5 24. Nd4 Bc5 25. Qd2 Rd8 26. c3 Bxd4 27. cxd4 Qg3 28. Bf3 Rc8+ 29. Kb1 Qf4 30. Qxf4 gxf4 31. d5 e5 32. g5 Kd7 33. Bg4+ Kd6 34. Bxc8 Rxc8 35. Rc1 Rg8 36. Rh1 Rxg5 37. Rh6+ Kd7 38. Rb6 Bc8 39. Rbc6 f5 40. exf5 Rxf5 41. Rxc8 Kd6 42. Rd8+ Ke7 43. Rh8 f3 44. Kc2 e4 45. Kd2 Rxd5+ 46. Ke3 f2 47. Rh2 Rd3+ 48. Ke2 Rb3 49. Rc2 e3 50. Rh3 Kd6 51.
Rh1 a5 52. Rd1+ Ke5 53. Rd8 b4 54. axb4 axb4 55. Re8+ Kf6 56. Rf8+ Ke7 57. Rg8 Ke6 58. Rh8 Kf6 59. Rh1 Ke5 60. Rc4 Kd5 61. Rf4 Ke5 62.
Rf3 Ke4 63. Rfh3 Rxb2+ 64. Kf1 Rb1+ 65. Kg2 Rxh1 66. Rxh1 Kd3 67. Kf3 b3 68. Rb1 Kc2 69.
Rf1 b2 70. Kxe3 b1=Q 71. Rxb1 Kxb1 72. Kxf2 1/2-1/2